AoeStats
← CLEVER GHOST

Lombardia

509138484Analyzed
2v2 RM · 7d ago on Sep 25, 2026· 29m 53s· 4 players
Game mode
Random Map
Map size
Medium (4 player)
Population
200
Speed
Normal
Resources
Standard
Victory
Conquest
Starting age
Dark Age
Ending age
Imperial Age
RankedLock teamsTeams togetherTeam positionsShared explorationLock speedFull tech treeHidden civsTurbo modeCheats
Victory
Defeat
🇦🇷 Britons · Argentina
1349
+14
🇦🇷 Franks · Argentina
1302
+17
🇲🇽 Huns · Mexico
1328
-16
🇺🇸 Japanese · United States
1292
-15
ryu
9:00 Feudal Age
9:04 Man-at-Arms
9:34 Double-Bit Axe
12:59 Scale Mail Armor
14:16 Loom
21:30 Castle Age
22:03 Fletching
22:13 Padded Archer Armor
23:21 Bodkin Arrow
24:49 Bow Saw
25:53 Leather Archer Armor
26:52 Pikeman
27:18 Elite Skirmisher
28:36 Chain Mail Armor
CLEVER GHOST
1:32 Loom
10:18 Feudal Age
10:57 Double-Bit Axe
16:57 Bloodlines
18:05 Scale Barding Armor
22:13 Castle Age
23:31 Chain Barding Armor
25:09 Wheelbarrow
25:16 Husbandry
26:16 Forging
28:13 Gold Mining
29:09 Iron Casting
Pingocho
8:43 Feudal Age
8:31 Loom
9:18 Double-Bit Axe
21:32 Castle Age
19:55 Scale Barding Armor
19:51 Gold Mining
22:33 Chain Barding Armor
22:45 Bow Saw
23:12 Gold Shaft Mining
23:15 Wheelbarrow
23:34 Forging
23:50 Husbandry
23:58 Stone Mining
PELUCHE
7:47 Loom
9:54 Feudal Age
11:07 Double-Bit Axe
14:05 Fletching
23:31 Castle Age
23:52 Gold Mining
24:04 Padded Archer Armor
23:34 Crossbowman
24:15 Bodkin Arrow
27:55 Ballistics
Connection lost

Rejoining the realm…

Still unreachable

The connection could not be restored.

Session expired

The server has moved on; the page needs a fresh start.